cohdb
Replays
Latest Replays
All Replays
Popular Replays
Top Player Replays
Match Explorer
How It Works
Community
CoH3 Stats
Reddit
Sign in to upload your games and track your stats! →
Sign in with Steam
Match 41527678
Unlisted
Match 41527678
Overview
Messages
Build Orders
End
Pioneer Squad
Construct Infanterie Kompanie
Grenadier Squad
MG 42 Machine Gun Team
MG 42 Machine Gun Team
Construct Panzergrenadier Kompanie
Panzergrenadier Squad
Pak 40 Anti-tank Gun Team
Medical Bunker
Construct Panzer Kompanie
Panzergrenadier Squad
Pak 40 Anti-tank Gun Team
Panzer IV Medium Tank
Selects Luftwaffe Battlegroup
Selects Stuka Strafing Run
Selects Fallschirmjäger Squad Paradrop
Selects Stuka Loiter
Stuka Strafing Run
Panzer IV Medium Tank
Stoßtruppen Squad
Panzer IV Medium Tank
Side Skirts
Stuka Strafing Run
Panzer Officer Quarters
Selects Luftwaffe Pioneer Support
Selects Flak 38 Anti-Air Emplacement
Selects Infantry Reserves
Panzer IV Medium Tank
Repair Bunker
Stuka Loiter
Repair Bunker
Panzer IV Medium Tank
Stuka Strafing Run
Stuka Strafing Run
Panzer IV Medium Tank
Pak 40 Anti-tank Gun Team
Pak 40 Anti-tank Gun Team
Panzer IV Medium Tank
Stuka Loiter
SNIPER
majintal excumuration
KusseKarl
Zulu
0
0
Comments
sign in to comment!
No comments posted yet!